Cogmind - Beta 17 @@@ ROGUE MODE // 2026.08.21 @ 05:58:33 Player: Talus Result: Destroyed by H-61 Shepherd with Heavy Assault Cannon Performance ------------- Evolutions (2) 1000 Regions Visited (5) 1000 Robots Destroyed (36) 180 Value Destroyed (1231) 1231 Prototype IDs (23) 460 Alien Tech Used (0) 0 Bonus (394) 394 TOTAL SCORE: 4265 Bonus ------- Follower Combat Kills 94 Aligned with FarCom 300 Cogmind --------- Core Integrity 0/550 Matter 300/300 Energy 93/100 System Corruption 0% Temperature Cool (0) Movement Core (250) Ox4 Location -8/Materials Parts ------- > --- POWER (1) -------- (None) > --- PROPULSION (4) --- (None) > --- UTILITY (4) ------ Medium Storage Unit Signal Interpreter Melee Analysis Suite > --- WEAPON (2) ------- Makeshift Hammer > --- INVENTORY (10) --- Light Ion Engine Light Deuterium Engine Improved Heat Sink Large Storage Unit Improved Terrain Scanner Light Armor Plating Mining Laser Peak State ------------ > --- POWER ------------ Light Angular Momentum Engine > --- PROPULSION ------- Aluminum Leg Aluminum Leg Carbon-fiber Leg Carbon-fiber Leg > --- UTILITY ---------- Medium Storage Unit Signal Interpreter Melee Analysis Suite Core Shielding > --- WEAPON ----------- Light Assault Rifle Longsword +1 > --- INVENTORY -------- Light Ion Engine Deuterium Engine Light Deuterium Engine Aluminum Leg Improved Heat Sink Large Storage Unit Structural Scanner Improved Terrain Scanner Mining Laser Makeshift Hammer [Rating: 30] Favorites ----------- Power Light Angular Momentum Engine Engine Light Angular Momentum Engine Propulsion Aluminum Leg Treads Light Treads Leg Aluminum Leg Utility Medium Storage Unit Device Structural Scanner Storage Medium Storage Unit Processor Signal Interpreter Protection Core Shielding Weapon Light Assault Rifle Energy Gun Small Laser Ballistic Gun Light Assault Rifle Impact Weapon Makeshift Hammer Slashing Weapon Longsword +1 Build | -11 -10 -10 -10 -9 -8 ------- Run | Yrd Mat Min Exi Min Mat Slots Evolved 4 | . . . . . 4 Power . | . . . . . . Propulsion 2 | . . . . . 2 Utility 2 | . . . . . 2 Weapon . | . . . . . . Parts Attached 30 | 6 4 8 . 2 10 Power 5 | 1 . 3 . . 1 Engine 5 | 1 . 3 . . 1 Core . | . . . . . . Reactor . | . . . . . . Propulsion 11 | 2 . 3 . . 6 Treads 2 | 2 . . . . . Leg 9 | . . 3 . . 6 Wheel . | . . . . . . Hover . | . . . . . . Flight . | . . . . . . Utility 7 | 1 2 1 . . 3 Device 2 | . 1 . . . 1 Storage 2 | 1 1 . . . . Processor 2 | . . . . . 2 Hackware . | . . . . . . Protection 1 | . . 1 . . . Artifact . | . . . . . . Weapon 7 | 2 2 1 . 2 . Energy Gun 3 | 2 1 . . . . Energy Cannon . | . . . . . . Ballistic Gun 2 | . 1 . . 1 . Ballistic Cannon . | . . . . . . Launcher . | . . . . . . Special Weapon . | . . . . . . Impact Weapon 1 | . . 1 . . . Slashing Weapon 1 | . . . . 1 . Piercing Weapon . | . . . . . . Special Melee Weapon . | . . . . . . Unidentified Prototypes . | . . . . . . Parts Lost 14 | . 1 3 . . 10 Power 4 | . . 2 . . 2 Propulsion 6 | . . 1 . . 5 Utility 1 | . . . . . 1 Weapon 3 | . 1 . . . 2 Highest Loss Streak 10 | . 1 3 . . 10 To Critical Strikes . | . . . . . . Average Backups 9 | 3 9 8 10 10 9 Power 1 | . 1 . . 1 2 Propulsion 2 | 1 4 1 2 2 . Utility 3 | . 2 4 4 4 3 Weapon 1 | . . 1 2 2 1 Tool/Special . | . . . . . . Unused Backups 13 | . 3 1 . 2 7 Power 3 | . . . . . 3 Propulsion 2 | . 2 . . . . Utility 3 | . . . . . 3 Weapon 3 | . . 1 . 1 1 Tool/Special 2 | . 1 . . 1 . Average Slot Usage (%) 97 | . 98 94 100 100 94 Engine 11 | . 14 8 14 14 8 Treads 8 | . 27 2 . . . Leg 20 | . . 25 28 28 33 Device 4 | . 12 . . . . Storage 13 | . 15 14 14 14 9 Processor 3 | . . . . . 17 Protection 8 | . . 13 14 14 8 Energy Gun 8 | . 20 10 . . . Ballistic Gun 10 | . 7 14 14 14 8 Impact Weapon 3 | . . 3 14 1 . Slashing Weapon 3 | . . . . 12 8 Peak Build Rating 30 | 6 8 15 15 19 30 Average Rating 13 | 4 7 8 15 18 26 On Entrance 10 | . 6 8 15 15 19 Avg Prop Armor Cover (%) 13 | . . 13 . . . Naked Turns . | . . . . . . Heaviest Build 25 | 14 24 24 24 24 25 Greatest Support 50 | 40 40 40 20 20 50 Greatest Overweight (x) 4 | . . 1 1 1 4 Average Overweight (x) . | . . . 1 1 . Largest Inventory Capacity 10 | 8 10 10 10 10 10 Average Capacity 9 | 6 9 10 10 10 10 Most Carried 10 | 6 10 10 10 10 10 Average Carried 9 | 3 9 8 9 10 9 Final Capacity 10 | 8 10 10 10 10 10 Final Carried 10 | 6 10 10 10 10 7 Class Distribution -------------------- 79% | Mutant 19% | Scavenger-Mutant Dominant Class ---------------- Mutant | -10/Materials Mutant | -10/Mines Mutant | -10/Exiles Mutant | -9/Mines Scavenger-Mutant | -8/Materials Resources | -11 -10 -10 -10 -9 -8 ----------- Run | Yrd Mat Min Exi Min Mat Matter Collected 566 | 242 83 86 . 20 135 Remotely . | . . . . . . Salvage Created 1283 | . 339 146 . 22 776 Parts 69 | . 24 5 . 7 33 Haulers Intercepted . | . . . . . . Recyclers Shooed 1 | . . . . 1 . Parts Field Recycled . | . . . . . . Retrieved Matter . | . . . . . . Parts Self-Destructed . | . . . . . . Prevented . | . . . . . . Parts Restored . | . . . . . . Kills | -11 -10 -10 -10 -9 -8 ------- Run | Yrd Mat Min Exi Min Mat Combat Hostiles Destroyed 34 | . 14 3 . 1 16 Melee 19 | . 3 . . . 16 Guns 13 | . 11 2 . . . Classes Destroyed 7 | . 2 . . 1 4 Builder 1 | . . . . 1 . Watcher 1 | . . . . . 1 Swarmer 9 | . 6 . . 1 2 Grunt 18 | . 8 3 . . 7 Sentry 3 | . . . . . 3 Specialist 2 | . . . . . 2 Hunter 2 | . . . . . 2 Best Kill Streak 9 | . 9 1 . 1 5 Combat Bots Only 9 | . 9 1 . 1 5 Max Kills in Single Turn 2 | . 2 1 . 1 1 Gunslinging 1 | . 1 . . . . Exploded . | . . . . . . Melee 1 | . 1 . . . 1 Uniques/NPCs Destroyed . | . . . . . . Combat | -11 -10 -10 -10 -9 -8 -------- Run | Yrd Mat Min Exi Min Mat Hostile Shots Fired 220 | . 78 29 . 2 111 Missed 49 | . 15 5 . . 29 Hits 171 | . 63 24 . 2 82 Projectile 171 | . 63 24 . 2 82 Critical Strikes 6 | . . 3 . . 3 Actively Blocked 2 | . . 1 . . 1 Damage Taken 2521 | . 643 335 . 14 1529 Core 719 | . 128 32 . . 559 Absorbed by Shields . | . . . . . . Redirected to Shielding 50 | . . 7 . . 43 Regen/Repaired (Parts) 124 | . 124 . . . . Core Remaining (%) 68 | 100 . . . 36 . Volleys Fired 65 | . 45 20 . . . Largest 2 | . 2 2 . . . Hottest 100 | . 100 60 . . . Shots Fired 128 | . 88 40 . . . Gun 128 | . 88 40 . . . Cannon . | . . . . . . Launcher . | . . . . . . Special . | . . . . . . Kinetic 36 | . 16 20 . . . Thermal 92 | . 72 20 . . . Explosive . | . . . . . . Electromagnetic . | . . . . . . Robot Hit Streak 10 | . 10 8 . . . Robot Miss Streak 5 | . 5 2 . . . Penetration Max . | . . . . . . Secondary Targets 2 | . 2 . . . . Max Gunslinging Chain 1 | . 1 . . . . Shots Hit Robots 141 | . 63 28 . 4 46 Core Hits 46 | . 23 6 . 1 16 Critical Kills 1 | . . . . . 1 Critical Parts Destroyed 1 | . . . . . 1 Critical Strikes 8 | . 2 . . . 6 Burn 2 | . 2 . . . . Smash 2 | . . . . . 2 Sever 4 | . . . . . 4 Melee Attacks 59 | . . 1 . 5 53 Impact 18 | . . 1 . 3 14 Slashing 41 | . . . . 2 39 Piercing . | . . . . . . Sneak Attacks 3 | . . . . 3 . Combat Hostiles . | . . . . . . Follow-up Attacks . | . . . . . . Damage Inflicted 3256 | . 764 296 . 279 1917 Guns 990 | . 739 251 . . . Cannons . | . . . . . . Explosions . | . . . . . . Melee 2240 | . . 45 . 279 1916 Ramming 26 | . 25 . . . 1 Kinetic 239 | . 105 134 . . . Thermal 751 | . 634 117 . . . Explosive . | . . . . . . Electromagnetic . | . . . . . . Impact 523 | . . 45 . 90 388 Slashing 1717 | . . . . 189 1528 Piercing . | . . . . . . Highest Corruption . | . . . . . . Average Corruption . | . . . . . . Corruption Purged . | . . . . . . Corruption Blocked . | . . . . . . Overload Shots . | . . . . . . Overflow Damage 216 | . . 26 . 94 96 Projectiles . | . . . . . . Explosions . | . . . . . . Melee 216 | . . 26 . 94 96 Knockbacks 1 | . . . . 1 . Impact 1 | . . . . 1 . Kinetic . | . . . . . . Secondary . | . . . . . . Self-Inflicted Damage . | . . . . . . Shots . | . . . . . . Rammed 7 | . 7 . . . . Targets Rammed 10 | . 9 . . . 1 Kicked 1 | . . . . . 1 Crushed 2 | . 2 . . . . Highest Temperature 430 | . 430 180 . . 4 Average Temperature 127 | . 138 92 . . 4 Received Heat Transfer 966 | . 267 231 . . 468 Effects 1 | . 1 . . . . Energy Bleed 1 | . 1 . . . . Siege Activations . | . . . . . . Martial Activations . | . . . . . . Shielding Activations . | . . . . . . Robots Disrupted . | . . . . . . Combat Hostiles . | . . . . . . Robots Corrupted 2 | . . 1 . 1 . Combat Hostiles 2 | . . 1 . 1 . Parts Fried . | . . . . . . Impact Corruptions 3 | . . 1 . 1 1 Robots Melted . | . . . . . . Combat Hostiles . | . . . . . . Parts Melted 4 | . 3 1 . . . Heat Transferred 2179 | . 1904 275 . . . Parts Sabotaged . | . . . . . . Parts Stolen . | . . . . . . Parts Stripped . | . . . . . . Power Chain Reactions . | . . . . . . Alert | -11 -10 -10 -10 -9 -8 ------- Run | Yrd Mat Min Exi Min Mat Maximum Alert Level 1 | . . . . . 1 Low Security (%) 95 | 100 100 100 . 100 83 Level 1 4 | . . . . . 16 Level 2 . | . . . . . . Level 3 . | . . . . . . Level 4 . | . . . . . . Level 5 . | . . . . . . High Security . | . . . . . . Max Security . | . . . . . . Peak Influence 230 | . 175 30 . 104 230 Initial 21 | . . 21 . . . Average 49 | . 72 5 . 53 71 Influence Increases 1051 | . 325 116 . 109 501 Destroy 0b10 Robot/C 800 | . 280 80 . 80 360 Destroy 0b10 Robot/NC 10 | . . . . 5 5 Destroy Leader 182 | . 40 20 . 10 112 Allied During Kill 24 | . . 1 . 14 9 Successful Hack 5 | . 5 . . . . Lose Combat Pursuer 30 | . . 15 . . 15 Influence Decreases 829 | . 270 171 . 109 279 Entered New Map 34 | . . 34 . . . Time Decay 624 | . 260 102 . 109 153 Lost Part 125 | . 10 15 . . 100 Lost Ally 46 | . . 20 . . 26 Squads Dispatched 11 | . 3 . . . 8 Investigation 1 | . 1 . . . . Extermination . | . . . . . . Reinforcement 7 | . 2 . . . 5 Assault 2 | . . . . . 2 Garrison 1 | . . . . . 1 Intercept . | . . . . . . Searches Triggered . | . . . . . . Construction Impeded . | . . . . . . Haulers Reinforced . | . . . . . . Active Scanning Responses . | . . . . . . Cargo Convoy Interrupts . | . . . . . . Stealth | -11 -10 -10 -10 -9 -8 --------- Run | Yrd Mat Min Exi Min Mat Distress Signals 10 | . 3 . . . 7 Communications Jammed . | . . . . . . Distress Signals . | . . . . . . Times Spotted 56 | . 21 5 . 4 26 Peak Tracking Total 11 | . 11 2 . 4 8 Tactical Retreats 2 | . . 1 . . 1 Traps | -11 -10 -10 -10 -9 -8 ------- Run | Yrd Mat Min Exi Min Mat Traps Triggered 1 | . 1 . . . . Indirectly . | . . . . . . Trap Hack Attempts . | . . . . . . Triggered . | . . . . . . Disarmed . | . . . . . . Reprogrammed . | . . . . . . Reused . | . . . . . . Traps Extracted . | . . . . . . Installed . | . . . . . . Triggered . | . . . . . . Machines | -11 -10 -10 -10 -9 -8 ---------- Run | Yrd Mat Min Exi Min Mat Machines Disabled . | . . . . . . Max in Single Turn . | . . . . . . Garrison Access 1 | . . . . . 1 Machines Repaired . | . . . . . . Machines Dismantled . | . . . . . . Machines Sabotaged . | . . . . . . Overloaded Fab Kills . | . . . . . . Hacking | -11 -10 -10 -10 -9 -8 --------- Run | Yrd Mat Min Exi Min Mat Machines Accessed 5 | . 4 . 1 . . Terminals 3 | . 3 . . . . Fabricators . | . . . . . . Repair Stations 1 | . 1 . . . . Recycling Units . | . . . . . . Scanalyzers . | . . . . . . Garrison Access . | . . . . . . Total Hacks 8 | . 7 . 1 . . Successful 4 | . 3 . 1 . . Failed 4 | . 4 . . . . Catastrophic . | . . . . . . Database Lockouts . | . . . . . . Manual 1 | . . . 1 . . Terminals 5 | . 5 . . . . Fabricators . | . . . . . . Repair Stations 2 | . 2 . . . . Recycling Units . | . . . . . . Scanalyzers . | . . . . . . Garrison Access . | . . . . . . Terminal Hacks 2 | . 1 . 1 . . Zone Layout 1 | . 1 . . . . Proto ID Catalog 1 | . . . 1 . . Fabricator Hacks . | . . . . . . Repair Station Hacks 2 | . 2 . . . . Scan Component 1 | . 1 . . . . Repair 1 | . 1 . . . . Recycling Unit Hacks . | . . . . . . Scanalyzer . | . . . . . . Garrison Access Hacks . | . . . . . . Unauthorized Hacks . | . . . . . . Terminals . | . . . . . . Fabricators . | . . . . . . Repair Stations . | . . . . . . Recycling Units . | . . . . . . Scanalyzers . | . . . . . . Garrison Access . | . . . . . . Data Cores Recovered . | . . . . . . Used . | . . . . . . Hacking Detections 3 | . 3 . . . . Full Trace Events . | . . . . . . Feedback Events . | . . . . . . Feedback Blocked . | . . . . . . Robot Schematics Acquired . | . . . . . . Robots Built . | . . . . . . Authchips . | . . . . . . Time . | . . . . . . Total Robot Build Rating . | . . . . . . Part Schematics Acquired . | . . . . . . Parts Built . | . . . . . . Authchips . | . . . . . . Time . | . . . . . . Total Part Build Rating . | . . . . . . Part Studies Acquired . | . . . . . . Parts Repaired 1 | . 1 . . . . Time 26 | . 26 . . . . Parts Recycled . | . . . . . . Recycled Matter . | . . . . . . Retrieved Matter . | . . . . . . Retrieved Components . | . . . . . . Parts Scanalyzed . | . . . . . . Part Schematics Acquired . | . . . . . . Parts Damaged . | . . . . . . Bothacking | -11 -10 -10 -10 -9 -8 ------------ Run | Yrd Mat Min Exi Min Mat Used RIF Installer . | . . . . . . Robots Hacked . | . . . . . . Non-combat . | . . . . . . Combat . | . . . . . . Robot Hacks Applied . | . . . . . . Relay Couplers Released 1 | . . . . . 1 Machine Destruction 1 | . . . . . 1 Fabnet Peak Effective % . | . . . . . . Robots Rewired . | . . . . . . Allies Hacked . | . . . . . . Hacks Repelled . | . . . . . . Allies | -11 -10 -10 -10 -9 -8 -------- Run | Yrd Mat Min Exi Min Mat Total Allies 4 | . . 4 . . . Largest Group 3 | . . 3 3 3 3 Highest-Rated Group 40 | . . 40 40 40 40 Highest-Rated Ally 31 | . . 31 16 16 16 Total Orders . | . . . . . . Ally Attacks 34 | . . 5 . 9 20 Total Damage 360 | . . 43 . 81 236 Kills 6 | . . 1 . 3 2 Allies Corrupted . | . . . . . . Allies Melted . | . . . . . . Intel | -11 -10 -10 -10 -9 -8 ------- Run | Yrd Mat Min Exi Min Mat Active Infowar (turns) 786 | . 722 30 . . 34 Terrain 22 | . . . . . 22 Structural 764 | . 722 30 . . 12 Robot Analysis Total . | . . . . . . Derelict Logs Recovered 1 | . . 1 . . . Drone Launches . | . . . . . . Drone Recoveries . | . . . . . . Exploration | -11 -10 -10 -10 -9 -8 ------------- Run | Yrd Mat Min Exi Min Mat Turns Passed 2742 | 92 796 608 407 224 615 Spaces Moved 1382 | 51 337 364 214 110 306 Core 7 | 3 . . . . 4 Treads 396 | 48 337 11 . . . Legs 979 | . . 353 214 110 302 Wheels . | . . . . . . Hover . | . . . . . . Flight . | . . . . . . Fastest Speed 50 | 50 160 120 190 190 120 Average Speed 151 | 153 160 134 190 190 121 Slowest Speed 250 | 160 160 190 190 190 250 Overloaded Moves . | . . . . . . Propulsion Burnouts . | . . . . . . Robots Hopped . | . . . . . . Potential Cave-ins . | . . . . . . Cave-ins Triggered . | . . . . . . Exploration Rate (%) 43 | 4 65 78 61 28 25 Regions Visited 5 Branch Regions 3 Pre-discovered Areas . | . . . . . . Known Exits Taken . | . . . . . . Unknown Exits Taken 5 | 1 1 1 1 1 . Scrap Searched 4 | . . 3 . 1 . Spaces Dug . | . . . . . . Terrain Destroyed . | . . . . . . Melee . | . . . . . . Projectile . | . . . . . . AOE . | . . . . . . Terrain Rammed . | . . . . . . Walls Destroyed . | . . . . . . Machines Disabled . | . . . . . . Actions | -11 -10 -10 -10 -9 -8 --------- Run | Yrd Mat Min Exi Min Mat Total 1849 | 62 505 446 215 121 500 Wait 254 | . 96 44 . . 114 Move 1377 | 50 336 363 213 109 306 Hop . | . . . . . . Pick Up 28 | 6 9 5 1 2 5 Fast Attach 9 | 6 2 1 . . . Attach 15 | . 3 3 . . 9 Detach 3 | . 1 . . . 2 Swap 11 | . . 4 . 2 5 Drop 18 | . 4 5 1 3 5 Fire 65 | . 45 20 . . . Melee 59 | . . 1 . 5 53 Ram . | . . . . . . Kick 1 | . . . . . 1 Crush 9 | . 9 . . . . Escape Stasis . | . . . . . . Rewire . | . . . . . . Trap . | . . . . . . Miscellaneous . | . . . . . . Route ------- -11/Scrapyard -10/Materials (discovered 2 exits: [*Mat] / [*Min]) -10/Mines -10/Exiles -9/Mines -8/Materials History --------- Turn | Location | Event 12 | -11/Scrapyard | Discovered new exit (range 15) 93 | -11/Scrapyard | Entered Materials 302 | -10/Materials | Build established: Mutant 439 | -10/Materials | Destroyed 9 combat bots 488 | -10/Materials | Discovered new exit (range 10) 652 | -10/Materials | Repaired Lgt. Treads 675 | -10/Materials | Core integrity fell below 50% 810 | -10/Materials | Discovered new exit (range 12) 889 | -10/Materials | Entered Mines 990 | -10/Mines | Lost 3 parts (2p1n) 1251 | -10/Mines | Received a Mining Laser from a helpful Derelict 1311 | -10/Mines | A weapon hastily lodged in a ceiling crevice suddenly fell to the ground 1389 | -10/Mines | Assisted by bots powering up and referring to "LRC-V3" 1448 | -10/Mines | Deemed a non-threat by the Exiles lab entrance 1450 | -10/Mines | Discovered new exit (range 5) 1497 | -10/Mines | Entered Exiles 1497 | -10/Exiles | Accompanied by 3 allies 1547 | -10/Exiles | Met 8R-AWN 1579 | -10/Exiles | Met EX-HEX 1638 | -10/Exiles | Met EX-BIN 1665 | -10/Exiles | Aligned with FarCom system 1667 | -10/Exiles | Given EX-Vault access code 1710 | -10/Exiles | Opened EX-Vault 1726 | -10/Exiles | Found Longsword +1 1765 | -10/Exiles | Warned to stay clear of 0b10 Research branches 1789 | -10/Exiles | Exiles lab attacked by MAIN.C 1887 | -10/Exiles | Discovered new exit (range 10) 1904 | -10/Exiles | Left Exiles lab with Longsword +1 1904 | -10/Exiles | Entered Mines 1904 | -9/Mines | Accompanied by 3 allies 2099 | -9/Mines | Discovered new exit (range 15) 2128 | -9/Mines | Entered Materials 2128 | -8/Materials | Accompanied by 3 allies 2128 | -8/Materials | Evolved 4 slots: Propulsion x2, Utility x2 2485 | -8/Materials | Build established: Scavenger-Mutant 2525 | -8/Materials | Lost 3 allies 2700 | -8/Materials | Garrison activated, responded to threat 2712 | -8/Materials | Core integrity fell below 50% 2739 | -8/Materials | Core integrity fell below 20% 2743 | -8/Materials | Destroyed by H-61 Shepherd with Heavy Assault Cannon Last Messages --------------- 02710_ K-01 Serf suffers critical hit (Blast). 02710_ K-01 Serf destroyed. 02711_ K-01 Serf collects debris. 02712_ U-05 Engineer destroyed. 02713_ Aluminum Leg destroyed. 02714_ K-01 Serf collects debris. 02714_ M-13 Machinist repairs G-47 Trooper Lgt. Nuclear Core. 02715_ G-47 Trooper suffers critical hit (Smash). 02715_ G-47 Trooper destroyed. 02717_ K-01 Serf collects debris. 02720_ G-47 Trooper destroyed. 02722_ K-01 Serf collects debris. 02724_ M-13 Machinist repairs H-61 Shepherd. 02726_ K-01 Serf collects debris. 02726_ Slug penetrates Garrison Access. 02729_ K-01 Serf collects debris. 02733_ M-13 Machinist destroyed. 02735_ K-01 Serf collects debris. 02738_ K-01 Serf destroyed. 02738_ K-01 Serf collects debris. Map ----- +----------------------------------------------------+ | ??????????????????????????????????????????????# | | ??????????????????????????????????????????????# | | ??????????????????????????????????????????????# | | ??????????????????????????????????????????????# | | ????????????????????????????????????########### | | ????????????????????????????????????# # | | ????????????????????????????????????# [[ """ # | | ??????????????????????????###???????# [[ """ # | | ?????????????????????????? #???????# """ + | | ???????????????????? ??? +???????# # | | ???????????????????# ??? #???????# !# | | ???????????????????# ???# #???????# [ # | | ???????????????????# ???# #???????# # | | ???????????????????# ???#w#???????##+######## | | ???????????????????# ???# #????????# ???????? | | ???????????????????# ???#+########## ???????? | | ???????????????????# #??# ## ##?????? | | ??????????????????## ##?# ! "T" # ####### | | ??????????????????# #?# # " | | ????????????????### #?# # | | ????????????????? #?#####+########* % | | ??????????????????# ]#?????#![[w%![ %% | | ??????????????????? [% ###???#!######## ###### | | ??????????????????###+######### ## ## #????? | | ??????????????????#%%*Hm%k!! ##"" ## ##???? | | ??????????????????# ""@%g###### ##"T # ! #???? | | ??????????????????# "=*%=#????# ##"" + #???? | | ?????????????o????# %!%=#????+ ## # #???? | | ??????????????????# [==!!#????# ## ## ##???? | | ??????????????????#[=%[!%#????# ##| ## #????? | | ??????????????????#####/##????# ## ## #????? | | ???????????????????????g#?????# ## ## #????? | | ???????????????????????/#?????? ?####### #????? | | ??????????????????????? ?????? ???????# #????? | | ??????????????????????? ?????? ???????? ????? | | ??????????????????????? ?????? ???????? ????? | | ???????????????????C??? ?????? ???????? ????? | | ???????????????????????? ?????? ???????? ????? | | ???????????????????????? ????? ???????? ?????? | | ????????????????????????##?????????????? ?????? | | ???????????????????????????????????????? ?????? | | ???????????????s??????????????????????????????? | | ??????????????????????????????????????????????? | | ??????????????????????????????????????????????? | | ??????????????????????????????????????????????? | | ??????????????????????????????????????????????? | | ??????????????????????????????????????????????? | | ??????????????????????????????????????????????? | | ??????????????????????????????????????????????? | | ??????????????????????????????????????????????? | +----------------------------------------------------+ Best States ------------- Heat Dissipation 31 Energy Generation 18 Energy Capacity 275 Matter Stores 300 Matter Capacity 300 Sight Range 16 Terrain Scan Range 16 Terrain Scan Density 10 Core Shielding 20 Evasion (%) 55 Melee Accuracy 5 Recoil Reduction 2 Item Schematics ----------------- None Robot Schematics ------------------ None Fabricated ------------ Nothing Repaired ---------- Lgt. Treads | 11% | -10/Materials Studied --------- None Alien Tech Used ----------------- None Achievements -------------- None Challenges ------------ None Game ------ Seed SeismicMetafieldSuperbattery Manual? 0 Play Time 00:27:43 Cumulative 16.6 hours Start 2026.08.21 @ 05:31:15 End 2026.08.21 @ 05:58:33 Sessions 1 Manual Loads 0 Difficulty Rogue Special Mode None Game No. 36 Rogue 36 Adventurer 0 Explorer 0 Win Type - Total 0 Types 0/0/0/0/0/0/0/0/0/0 Lore% 12 Gallery% 17 Achievement% 14 Wizard Run 0 Options --------- Layout 0 ASCII 0 Keyboard 0 Movement Mouse Keybinds 0 Fullscreen 2 Font 18/SmallcapsGlow Map View 76x50 Zoom Use 0% Tactical HUD 1 Map Filters NONE Filters NONE Steam 1 RUN: ec5aa2b5-08b2-41ee-a802-444d4d2ad5a4